Cogmind - Beta 15 @@@ ROGUE MODE // 2025.05.31 @ 18:44:33 Player: KeKe Result: Destroyed by D-53 Grenadier with Mini Grenade Launcher Performance ------------- Evolutions (0) 0 Regions Visited (0) 0 Robots Destroyed (5) 25 Value Destroyed (22) 22 Prototype IDs (0) 0 Alien Tech Used (0) 0 Bonus (0) 0 TOTAL SCORE: 47 Bonus ------- None Cogmind --------- Core Integrity 0/250 Matter 300/300 Energy 99/100 System Corruption 0% Temperature Cool (0) Movement Core (50) Location -11/Scrapyard Parts ------- > --- POWER (1) -------- (None) > --- PROPULSION (2) --- (None) > --- UTILITY (2) ------ (None) > --- WEAPON (2) ------- (None) > --- INVENTORY (5) ---- Small Storage Unit Small Matter Pod (50) Mining Laser Peak State ------------ > --- POWER ------------ Ion Engine > --- PROPULSION ------- Aluminum Leg Aluminum Leg > --- UTILITY ---------- Improved Terrain Scanner Seismic Detector > --- WEAPON ----------- Small Laser Light Assault Rifle > --- INVENTORY -------- Small Storage Unit Small Matter Pod Mining Laser [Rating: 9] Favorites ----------- Power Ion Engine Engine Ion Engine Propulsion Aluminum Leg Leg Aluminum Leg Utility Seismic Detector Device Seismic Detector Storage Small Storage Unit Weapon Light Assault Rifle Energy Gun Small Laser Ballistic Gun Light Assault Rifle Build | -11 ------- Run | Yrd Slots Evolved . | . Power . | . Propulsion . | . Utility . | . Weapon . | . Parts Attached 8 | 8 Power 1 | 1 Engine 1 | 1 Core . | . Reactor . | . Propulsion 2 | 2 Treads . | . Leg 2 | 2 Wheel . | . Hover . | . Flight . | . Utility 3 | 3 Device 2 | 2 Storage 1 | 1 Processor . | . Hackware . | . Protection . | . Artifact . | . Weapon 2 | 2 Energy Gun 1 | 1 Energy Cannon . | . Ballistic Gun 1 | 1 Ballistic Cannon . | . Launcher . | . Special Weapon . | . Impact Weapon . | . Slashing Weapon . | . Piercing Weapon . | . Special Melee Weapon . | . Unidentified Prototypes . | . Parts Lost 7 | 7 Power 1 | 1 Propulsion 2 | 2 Utility 2 | 2 Weapon 2 | 2 Highest Loss Streak 7 | 7 To Critical Strikes . | . Average Backups 3 | 3 Power . | . Propulsion . | . Utility 1 | 1 Weapon 1 | 1 Tool/Special . | . Unused Backups 2 | 2 Power . | . Propulsion . | . Utility 1 | 1 Weapon 1 | 1 Tool/Special . | . Average Slot Usage (%) . | . Peak Build Rating 9 | 9 Average Rating 7 | 7 On Entrance . | . Naked Turns . | . Heaviest Build 12 | 12 Greatest Support 20 | 20 Greatest Overweight (x) . | . Average Overweight (x) . | . Largest Inventory Capacity 8 | 8 Average Capacity 6 | 6 Most Carried 4 | 4 Average Carried 3 | 3 Final Capacity 5 | 5 Final Carried 3 | 3 Class Distribution -------------------- None Dominant Class ---------------- None Resources | -11 ----------- Run | Yrd Matter Collected 350 | 350 Remotely . | . Salvage Created 156 | 156 Parts 10 | 10 Haulers Intercepted . | . Recyclers Shooed 1 | 1 Parts Field Recycled . | . Retrieved Matter . | . Parts Self-Destructed . | . Prevented . | . Kills | -11 ------- Run | Yrd Combat Hostiles Destroyed . | . Classes Destroyed 3 | 3 Worker 2 | 2 Tunneler 2 | 2 Recycler 1 | 1 Best Kill Streak 5 | 5 Combat Bots Only . | . Max Kills in Single Turn 1 | 1 Gunslinging . | . Exploded . | . Melee . | . Uniques/NPCs Destroyed . | . Combat | -11 -------- Run | Yrd Hostile Shots Fired 19 | 19 Missed 2 | 2 Hits 17 | 17 Projectile 17 | 17 AOE 18 | 18 Damage Taken 710 | 710 Core 283 | 283 Absorbed by Shields . | . Core Remaining (%) . | . Volleys Fired 38 | 38 Largest 2 | 2 Hottest 60 | 60 Shots Fired 43 | 43 Gun 43 | 43 Cannon . | . Launcher . | . Special . | . Kinetic 36 | 36 Thermal 7 | 7 Explosive . | . Electromagnetic . | . Robot Hit Streak 9 | 9 Robot Miss Streak 4 | 4 Penetration Max . | . Secondary Targets . | . Shots Hit Robots 29 | 29 Core Hits 11 | 11 Critical Kills . | . Critical Parts Destroyed . | . Critical Strikes . | . Melee Attacks . | . Impact . | . Slashing . | . Piercing . | . Sneak Attacks . | . Combat Hostiles . | . Follow-up Attacks . | . Damage Inflicted 283 | 283 Guns 283 | 283 Cannons . | . Explosions . | . Melee . | . Ramming . | . Kinetic 209 | 209 Thermal 74 | 74 Explosive . | . Electromagnetic . | . Impact . | . Slashing . | . Piercing . | . Highest Corruption . | . Average Corruption . | . Corruption Purged . | . Corruption Blocked . | . Overload Shots . | . Overflow Damage . | . Projectiles . | . Explosions . | . Melee . | . Knockbacks . | . Impact . | . Kinetic . | . Secondary . | . Self-Inflicted Damage . | . Shots . | . Rammed . | . Targets Rammed . | . Kicked . | . Crushed . | . Highest Temperature 20 | 20 Average Temperature 10 | 10 Received Heat Transfer . | . Siege Activations . | . Martial Activations . | . Shielding Activations . | . Robots Disrupted . | . Combat Hostiles . | . Robots Corrupted . | . Combat Hostiles . | . Parts Fried . | . Impact Corruptions . | . Robots Melted . | . Combat Hostiles . | . Parts Melted . | . Heat Transferred 175 | 175 Parts Sabotaged . | . Parts Stolen . | . Parts Stripped . | . Power Chain Reactions . | . Alert | -11 ------- Run | Yrd Maximum Alert Level . | . Low Security (%) 100 | 100 Level 1 . | . Level 2 . | . Level 3 . | . Level 4 . | . Level 5 . | . High Security . | . Max Security . | . Peak Influence 15 | 15 Initial . | . Average . | . Influence Increases 25 | 25 Destroy 0b10 Robot/NC 25 | 25 Influence Decreases 25 | 25 Time Decay 25 | 25 Squads Dispatched . | . Investigation . | . Extermination . | . Reinforcement . | . Assault . | . Garrison . | . Intercept . | . Searches Triggered . | . Construction Impeded . | . Haulers Reinforced . | . Active Scanning Responses . | . Cargo Convoy Interrupts . | . Stealth | -11 --------- Run | Yrd Distress Signals . | . Communications Jammed . | . Distress Signals . | . Times Spotted 2 | 2 Peak Tracking Total 2 | 2 Tactical Retreats . | . Traps | -11 ------- Run | Yrd Traps Triggered . | . Indirectly . | . Trap Hack Attempts . | . Triggered . | . Disarmed . | . Reprogrammed . | . Reused . | . Traps Extracted . | . Installed . | . Triggered . | . Machines | -11 ---------- Run | Yrd Machines Disabled . | . Max in Single Turn . | . Machines Repaired . | . Machines Dismantled . | . Machines Sabotaged . | . Overloaded Fab Kills . | . Hacking | -11 --------- Run | Yrd Machines Accessed . | . Terminals . | . Fabricators . | . Repair Stations . | . Recycling Units . | . Scanalyzers . | . Garrison Access . | . Total Hacks . | . Successful . | . Failed . | . Catastrophic . | . Database Lockouts . | . Manual . | . Terminals . | . Fabricators . | . Repair Stations . | . Recycling Units . | . Scanalyzers . | . Garrison Access . | . Terminal Hacks . | . Fabricator Hacks . | . Repair Station Hacks . | . Recycling Unit Hacks . | . Scanalyzer . | . Garrison Access Hacks . | . Unauthorized Hacks . | . Terminals . | . Fabricators . | . Repair Stations . | . Recycling Units . | . Scanalyzers . | . Garrison Access . | . Data Cores Recovered . | . Used . | . Hacking Detections . | . Full Trace Events . | . Feedback Events . | . Feedback Blocked . | . Robot Schematics Acquired . | . Robots Built . | . Authchips . | . Time . | . Total Robot Build Rating . | . Part Schematics Acquired . | . Parts Built . | . Authchips . | . Time . | . Total Part Build Rating . | . Parts Repaired . | . Time . | . Parts Recycled . | . Recycled Matter . | . Retrieved Matter . | . Retrieved Components . | . Parts Scanalyzed . | . Part Schematics Acquired . | . Parts Damaged . | . Bothacking | -11 ------------ Run | Yrd Used RIF Installer . | . Robots Hacked . | . Non-combat . | . Combat . | . Robot Hacks Applied . | . Relay Couplers Released . | . Fabnet Peak Effective % . | . Robots Rewired . | . Allies Hacked . | . Hacks Repelled . | . Allies | -11 -------- Run | Yrd Total Allies . | . Largest Group . | . Highest-Rated Group . | . Highest-Rated Ally . | . Total Orders . | . Ally Attacks . | . Total Damage . | . Kills . | . Allies Corrupted . | . Allies Melted . | . Intel | -11 ------- Run | Yrd Active Infowar (turns) 1244 | 1244 Terrain 869 | 869 Seismic 1244 | 1244 Robot Analysis Total . | . Derelict Logs Recovered . | . Drone Launches . | . Drone Recoveries . | . Exploration | -11 ------------- Run | Yrd Turns Passed 1396 | 1396 Spaces Moved 501 | 501 Core 4 | 4 Treads . | . Legs 497 | 497 Wheels . | . Hover . | . Flight . | . Fastest Speed 50 | 50 Average Speed 119 | 119 Slowest Speed 120 | 120 Overloaded Moves . | . Propulsion Burnouts . | . Robots Hopped . | . Potential Cave-ins . | . Cave-ins Triggered . | . Exploration Rate (%) 43 | 43 Regions Visited . Branch Regions . Pre-discovered Areas . | . Known Exits Taken . | . Unknown Exits Taken . | . Scrap Searched . | . Spaces Dug . | . Terrain Destroyed . | . Melee . | . Projectile . | . AOE . | . Terrain Rammed . | . Walls Destroyed . | . Machines Disabled . | . Actions | -11 --------- Run | Yrd Total 1259 | 1259 Wait 708 | 708 Move 501 | 501 Hop . | . Pick Up 4 | 4 Fast Attach 6 | 6 Attach 1 | 1 Detach . | . Swap 1 | 1 Drop . | . Fire 38 | 38 Melee . | . Ram . | . Kick . | . Crush . | . Escape Stasis . | . Rewire . | . Trap . | . Miscellaneous . | . Route ------- -11/Scrapyard (discovered 1 exit: [*Mat]) History --------- Turn | Location | Event 5 | -11/Scrapyard | Discovered new exit (range 16) 1376 | -11/Scrapyard | Assembled infested the area 1392 | -11/Scrapyard | Core integrity fell below 50% 1396 | -11/Scrapyard | Core integrity fell below 20% 1397 | -11/Scrapyard | Destroyed by D-53 Grenadier with Mini Grenade Launcher Last Messages --------------- 00989_ T-07 Excavator is excavating. 01032_ Acquired 10 matter. 01048_ K-01 Serf collects debris. 01137_ T-07 Excavator is excavating. 01156_ K-01 Serf collects debris. 01219_ T-07 Excavator is excavating. 01376_ ALERT: Infestation in the scrapyard, dispatching Demolisher response squad. 01376_ C-30 ARC bursts open, deploying its payload. 01376_ D-53 Grenadier unfolds itself. 01379_ Ion Engine destroyed. 01382_ The unstable cave ceiling collapses. 01384_ Aluminum Leg destroyed. 01384_ T-07 Excavator destroyed. 01384_ Imp. Terrain Scanner destroyed. 01386_ Aluminum Leg destroyed. 01389_ Seismic Detector destroyed. 01390_ Lgt. Assault Rifle destroyed. 01393_ The unstable cave ceiling collapses. 01395_ Sml. Laser destroyed. Map ----- +----------------------------------------------------+ | # ## #???????????????????????? | | # # # #???????????????????????? | | # # # #???????????????????????? | | # # # #???????????????????????? | | # # ## #???????????????????????? | | # # ## #???????????????????????? | | ## # ## #???????????????????????? | | ?########## ###### #######???????????????????????? | | ???????#??# ##### #########?#????????????#??????? | | ??????????# # #?????????????????????? | | ????????#?# # #??#??????#???????##??? | | ########### ##???#????#???#??????#? | | # ## # #??#???###??????#?????? | | # ## # ##????????#########?#??? | | # ## ########?#??????## ##??## | | # # #???#????# #?### | | # # # #????#?#?# #### | | # ######## # #?######## # ## | | # ##?###?# #?# # # | | # #?#??### # #?# ## # | | # #??#??## # ### ### # # | | ############?####= ###### ### ## # | | ##########???# =%! ## #?# ###### # | | # ##?## ! # ######???# ### | | # ##?## # ## #??## ##? | | # = ##### d @ #### #? | | d ##? | | *= = % # ## #? | | #[ =% ##### = < # ### #? | | # #??## # #?# #?? | | # = #?############ = #?# #?? | | #### ############???## ###?# ##?? | | ?#?# # #??#?### ##??# ######??? | | ???# # #???#### #???# #???????# | | ??## ###?#?## #???## #?????#?? | | ???# # #??#??## ##???#####???????? | | #??# # ##??#?############???????????#????? | | ???# ## #????#?#?#?#????????#?????????????? | | ???# # ####???#???????#?##???????????????? | | ???# #? ##?#???????????????#???????#??????? | | ???# #? ? #???????????????????????????????#?? | | ???# #?########?##?#?#????#??#??????????????????? | | ???# #???#?#???#?#?#????????????????????????????? | | ??## #???#??????????????????????????????????????? | | #?## ##?????????????????????????????????????????? | | ??# ###???????????????????????????????????????? | | ??# #???????????????????????????????????????? | | ??# #?????#?????????????????????????????????? | | ??# ###????#??????????????????????????????????? | | ??#### #?????????????????????????????????????????? | +----------------------------------------------------+ Best States ------------- Heat Dissipation 25 Energy Generation 10 Energy Capacity 250 Matter Stores 300 Matter Capacity 300 Sight Range 16 Terrain Scan Range 16 Terrain Scan Density 10 Evasion (%) 55 Item Schematics ----------------- None Robot Schematics ------------------ None Fabricated ------------ Nothing Repaired ---------- Nothing Alien Tech Used ----------------- None Achievements -------------- None Challenges ------------ None Game ------ Seed ScrapoidSupersonicPropulsion Manual? 0 Play Time 00:08:32 Cumulative 102.6 hours Start 2025.05.31 @ 18:40:16 End 2025.05.31 @ 18:44:33 Sessions 0 Manual Loads 0 Difficulty Rogue Special Mode None Game No. 99 Rogue 99 Adventurer 0 Explorer 0 Win Type - Total 1 Types 1/0/0/0/0/0/0/0/0/0 Lore% 55 Gallery% 45 Achievement% 46 Wizard Run 0 Options --------- Layout 0 ASCII 0 Keyboard 0 Movement Mouse Keybinds 0 Fullscreen 2 Font 18/X11 Map View 76x50 Zoom Use 0% Tactical HUD 1 Map Filters NONE Filters NONE Steam 1 RUN: 302d7e28-1dce-4c2e-83df-88eeff08bd3c